 Dungeon Crawl Stone Soup version 0.21.0-3-g78d12a8 (webtiles) character file.

242 Inarius the Chiller (level 5, -9/40 HPs)
             Began as a Draconian Ice Elementalist on Jan 9, 2018.
             Killed by nerve-wracking pain
             ... invoked by an orc priest
              (13 damage)
             ... on level 4 of the Dungeon.
             The game lasted 00:07:41 (2871 turns).

Inarius the Chiller (Draconian Ice Elementalist)    Turns: 2871, Time: 00:07:42

Health: -9/40      AC:  7    Str: 13    XL:     5   Next: 82%
Magic:  9/9        EV: 13    Int: 16    God:
Gold:   317        SH:  3    Dex: 15    Spells: 1/9 levels left

rFire    . . .     SeeInvis .   e - +2 dagger (venom)
rCold    . . .     Gourm    .   (no shield)
rNeg     . . .     Faith    .   (armour unavailable)
rPois    .         Spirit   .   (helmet restricted)
rElec    .         Reflect  +   (no cloak)
rCorr    .         Harm     .   (no gloves)
MR       .....                  s - +1 pair of boots
Stlth    ++........             q - +3 amulet of reflection
HPRegen  0.13/turn              w - +3 ring of dexterity
MPRegen  0.11/turn              v - +3 ring of strength

@: no status effects
A: unfitting armour, cold-blooded, AC +5
a: no special abilities


You were on level 4 of the Dungeon.
You were hungry.

You visited 1 branch of the dungeon, and saw 4 of its levels.

You collected 317 gold pieces.

Inventory:

Hand Weapons
 e - a +2 dagger of venom (weapon)
 m - a +2 dagger of speed
Armour
 s - a +1 pair of boots (worn)
Jewellery
 p - an uncursed ring of protection from fire
 q - a +3 amulet of reflection (around neck)
 u - an uncursed ring of resist corrosion
 v - a +3 ring of strength (right hand)
 w - a +3 ring of dexterity (left hand)
Scrolls
 f - a scroll of fog {unknown}
 i - 2 scrolls of fear {unknown}
 j - 3 scrolls of remove curse {unknown}
 l - a scroll of noise {unknown}
 o - 2 scrolls of amnesia {unknown}
 r - 2 scrolls of enchant weapon {unknown}
 t - 2 scrolls of teleportation {unknown}
Potions
 c - a potion of berserk rage
 g - a potion of flight
 h - a potion of lignification
 k - a potion of heal wounds
 n - 2 potions of cancellation {unknown}
 x - a potion of haste {unknown}
 z - a potion of ambrosia {unknown}
 A - a potion of might {unknown}
Books
 a - a book of Frost

   Spells                             Type                      Level
   a - Freeze                         Ice                          1
   b - Throw Frost                    Conjuration/Ice              2
   c - Ozocubu's Armour               Charms/Ice                   3
   d - Throw Icicle                   Conjuration/Ice              4
   e - Summon Ice Beast               Ice/Summoning                4
Comestibles
 b - 6 rations


   Skills:
 + Level 1.0 Fighting
 + Level 2.7 Dodging
 - Level 1.7 Stealth
 + Level 2.9 Spellcasting
 * Level 1.4 Conjurations
 * Level 0.7 Charms
 * Level 5.2 Ice Magic


You had one spell level left.
You knew the following spells:

 Your Spells              Type           Power        Failure   Level  Hunger
a - Freeze                Ice            ###.         2%          1    #......
b - Ozocubu's Armour      Chrm/Ice       ##......     17%         3    ###....
c - Throw Icicle          Conj/Ice       ##......     43%         4    #####..


Dungeon Overview and Level Annotations

Branches:
Dungeon (4/15)
 Temple: D:4-7

Altars:
Nemelex Xobeh
Ru
Sif Muna

Annotations:
D:4 Dowan, Duvessa


Innate Abilities, Weirdness & Mutations

Your plain brown scales are hard. (AC +5)
You cannot fit into any form of body armour.
You are cold-blooded and may be slowed by cold attacks.


Message History

Level annotation: Dowan, Duvessa An orc priest comes into view.
It is wielding a short sword.
The orc priest shouts!
Found a robe.
There is a stone staircase leading up here.
Dowan mumbles some strange words.
Dowan blinks!
The orc priest invokes the aid of Beogh against you.
Beogh smites you!
The orc priest casts a cantrip, but nothing happens.
The orc priest mumbles some strange prayers to Beogh against you.
Pain shoots through your body!
An orc comes into view. It is wielding a flail.
The orc priest calls down the wrath of Beogh upon you.
Beogh smites you!
* * * LOW HITPOINT WARNING * * *
The orc shouts!
The orc priest mumbles some strange prayers to Beogh against you.
Pain shoots through your body!
You die...

### ..## #...
#..# #..#
##..# #...#
#.@# #..eo#
##⌠.⌠.#
#.._.o# ##...
#.⌠.⌠..
..#........##
...####...
#... .... #
#..# #.#


You could see Dowan, an orc priest and an orc.

Vanquished Creatures
  2 orc priests (D:4)
  Jessica (D:2)
  Robin (D:2)
  6 adders
  An adder zombie (D:3)
  A worm (D:3)
  A dart slug (D:2)
  4 leopard geckos
  5 orcs
  11 bats
  A giant cockroach (D:3)
  17 goblins
  5 hobgoblins
  2 jackals (D:3)
  8 kobolds
  3 quokkas
  7 frilled lizards
  8 rats
84 creatures vanquished.

Notes
Turn   | Place    | Note
-------+----------+-------------------------------------------
     0 | D:1      | Inarius the Draconian Ice Elementalist began the quest for the Orb.
     0 | D:1      | Reached XP level 1. HP: 14/14 MP: 3/3
   256 | D:1      | Reached XP level 2. HP: 20/20 MP: 5/5
   635 | D:2      | Found a faded altar of an unknown god.
   658 | D:2      | Reached XP level 3. HP: 23/26 MP: 6/6
   686 | D:2      | Reached skill level 4 in Ice Magic
   999 | D:2      | Noticed Jessica
  1015 | D:2      | Killed Jessica
  1015 | D:2      | Reached XP level 4. HP: 16/33 MP: 3/7
  1391 | D:2      | Noticed Robin
  1566 | D:2      | Killed Robin
  1592 | D:2      | Learned a level 3 spell: Ozocubu's Armour
  1597 | D:2      | Learned a level 4 spell: Throw Icicle
  1845 | D:3      | Reached XP level 5. HP: 34/39 MP: 9/9
  1982 | D:3      | Found a deep blue altar of Sif Muna.
  2111 | D:3      | Reached skill level 5 in Ice Magic
  2324 | D:3      | Found a sacrificial altar of Ru.
  2701 | D:4      | Found a sparkling altar of Nemelex Xobeh.
  2701 | D:4      | Noticed Dowan
  2702 | D:4      | Noticed Duvessa
  2717 | D:4      | Reached skill level 1 in Fighting
  2871 | D:4      | Killed from afar by an orc priest

Skill      XL: |  1  2  3  4  5 |
---------------+----------------+-----
Dodging        | 2 |  2.7
Ice Magic      | 4 5 |  5.2
Fighting       | 1 |  1.0
Stealth        | |  1.7
Spellcasting   | |  2.9
Conjurations   | |  1.4
Charms         | |  0.7

Action                   |  1- 3 |  4- 6 || total
-------------------------+-------+-------++-------
Melee: Dagger            |    55 |   159 ||   214
       Tailslap          |     2 |     9 ||    11
 Cast: Freeze            |    11 |     7 ||    18
  Use: Scroll            |       |     4 ||     4
 Stab: Sleeping          |       |     5 ||     5
  Eat: Chunk             |       |     6 ||     6
Armor: Skin              |    11 |    65 ||    76
Dodge: Dodged            |    55 |    97 ||   152
Block: Other             |     1 |    25 ||    26
